 Dungeon Crawl Stone Soup version 0.25.1-2-g60ff931df9 (webtiles) character file.

Game seed: 989454298545229782

3968 promet the Shooter (level 10, 0/51 HPs)
             Began as a Spriggan Conjurer on Sept 30, 2020.
             Was a Believer of Sif Muna.
             Slain by a wyvern (19 damage)
             ... on level 9 of the Dungeon on Oct 1, 2020.
             The game lasted 01:36:43 (10188 turns).

promet the Shooter (Spriggan Conjurer)             Turns: 10188, Time: 01:36:43

Health: 0/51       AC:  4    Str:  6    XL:     10   Next: 2%
Magic:  12/20      EV: 26    Int: 17    God:    Sif Muna [**....]
Gold:   131        SH:  0    Dex: 18    Spells: 15/21 levels left

rFire    x . .     SeeInvis +   a - +3 long sword (freeze)
rCold    + . .     Gourm    .   (shield restricted)
rNeg     . . .     Faith    .   m - +2 robe
rPois    .         Spirit   .   (helmet restricted)
rElec    .         Reflect  .   (no cloak)
rCorr    .         Harm     .   (gloves unavailable)
MR       +....                  (boots unavailable)
Stlth    +++.......             t - amulet of regeneration
HPRegen  0.57/turn              j - +4 ring of evasion
MPRegen  0.17/turn              p - ring of ice

@: very quick
A: very small, unfitting armour, see invisible, herbivore, speed 3, slow
metabolism 2
a: Channel Magic, Renounce Religion


You were on level 9 of the Dungeon.
You worshipped Sif Muna.
Sif Muna was pleased with you.
You were not hungry.

You visited 1 branch of the dungeon, and saw 9 of its levels.

You collected 558 gold pieces.
You spent 427 gold pieces at shops.

Inventory:

Hand Weapons
 a - a +3 long sword of freezing (weapon)
 b - a +0 fustibalus
 d - a +0 war axe
 h - a +3 spear
 l - a +5 dagger
 v - a +0 hand crossbow
 y - a +0 shortbow
Missiles
 f - 246 stones (quivered)
 g - 42 poisoned darts
 B - 78 sling bullets
 D - 53 arrows
Armour
 m - a +2 robe (worn)
Jewellery
 e - an uncursed ring of fire
 j - a +4 ring of evasion (left hand)
 p - a ring of ice (right hand)
 t - an amulet of regeneration (around neck)
 E - an uncursed ring of resist corrosion {unknown}
Wands
 k - a wand of clouds (3)
 u - a wand of flame (8)
 w - a wand of disintegration (15)
 z - a wand of iceblast (23)
Scrolls
 i - a scroll of teleportation
 o - 2 scrolls of remove curse
 s - a scroll of fear
 A - 3 scrolls of enchant armour
 C - 2 scrolls of identify
Potions
 n - 5 potions of curing
 q - a potion of haste
 r - a potion of lignification {unknown}
 x - a potion of ambrosia
Comestibles
 c - 16 rations


   Skills:
 * Level 4.9 Fighting
 + Level 1.5(3.6) Short Blades
 + Level 3.8(4.0) Long Blades
 + Level 0.9(1.2) Slings
 + Level 7.0 Bows
 + Level 1.0(1.1) Throwing
 + Level 6.3 Dodging
 + Level 5.1 Stealth
 + Level 6.1 Spellcasting
 + Level 4.7 Conjurations
 * Level 5.3 Hexes
 + Level 3.6 Invocations
 + Level 0.2 Evocations


You had 15 spell levels left.
You knew the following spells:

 Your Spells              Type           Power        Failure   Level  Hunger
a - Magic Dart            Conj           ###.         1%          1    None
b - Searing Ray           Conj           ###...       2%          2    None
c - Dazzling Flash        Conj/Hex       ###...       4%          3    ##.....

Your spell library contained the following spells:

 Spells                   Type           Power        Failure   Level  Hunger
 Fulminant Prism          Conj/Hex       ###.......   16%         4    ####...
 Iskenderun's Mystic Bla  Conj/Tloc      ##......     43%         4    ####...


Dungeon Overview and Level Annotations

Branches:
Dungeon (9/15)             Temple (0/1) D:5             Orc (0/2) D:9
   Lair: D:8-11

Altars:
Ashenzari
Cheibriados
Gozag
Hepliaklqana
Qazlal
Sif Muna
Xom
The Shining One

Shops:
D:5 }   D:8 *

Annotations:
D:5 3 runed translucent doors, Cheops's ghost, novice HaHu


Innate Abilities, Weirdness & Mutations

You are very small and have problems with some larger weapons.
You are too small for most types of armour.
You have supernaturally acute eyesight. (SInv)
You are a herbivore.
You cover ground extremely quickly.
You need to consume almost no food.


Message History

Aiming: Magic Dart (safe; 1% risk of failure)
Press: ? - help, Shift-Dir - straight line, f/p - wyvern
Aim: a wyvern (heavily wounded)
The magic dart hits the wyvern.
The wyvern is heavily wounded.
The wyvern completely misses you.
You riposte.
You hit the wyvern but do no damage.
The wyvern is heavily wounded.
Casting: Magic Dart (safe; 1% risk of failure)
Confirm with . or Enter, or press ? or * to list all spells.
Aiming: Magic Dart (safe; 1% risk of failure)
Press: ? - help, Shift-Dir - straight line, f/p - wyvern
Aim: a wyvern (heavily wounded)
The magic dart hits the wyvern but does no damage.
The wyvern is heavily wounded.
The wyvern misses you. The wyvern completely misses you.
You slash the wyvern! You freeze the wyvern.
The wyvern is almost dead.
The wyvern bites you!!
You die...

......# #####.# #..5..#
#...#.########## ......
#)#†#...........
)..>#######.#<#........#
...##......###........#
l.##.########........#
#.##.##....##.###...##
#.#...'.......# #...#
#.#####@...#### #...#
#...(.l........ ....#
#######....#######...
###### #.... ###.##


You could see a wyvern.

Vanquished Creatures
  A hippogriff (D:7)
  4 yaks
  4 ice beasts
  A black bear (D:8)
  A hornet zombie (D:7)
  A sky beast (D:5)
  3 phantoms
  3 ogres
  4 bullfrogs
  A scorpion (D:7)
  6 killer bees (D:7)
  10 wights
  7 howler monkeys
  3 crimson imps
  2 quasits
  3 orc priests
  3 bullfrog skeletons
  A jelly (D:7)
  2 orc wizards
  An iguana (D:6)
  7 worker ants
  A hound skeleton (D:8)
  A worker ant zombie (D:8)
  8 adders
  2 shadow imps
  2 oozes
  An adder skeleton (D:7)
  A worm (D:4)
  3 dart slugs
  2 leopard geckos
  12 orcs
  2 ball pythons
  6 giant cockroaches
  4 goblins
  9 hobgoblins
  4 jackals
  3 kobolds
  4 quokkas
  8 bats
  2 frilled lizards
  A jackal zombie (D:7)
  A leopard gecko skeleton (D:4)
  A quokka skeleton (D:4)
  2 quokka zombies (D:5)
  3 rats
151 creatures vanquished.

Vanquished Creatures (others)
  2 plants (D:9)
2 creatures vanquished.

Grand Total: 153 creatures vanquished

Notes
Turn   | Place    | Note
-------+----------+-------------------------------------------
     0 | D:1      | promet the Spriggan Conjurer began the quest for the Orb.
     0 | D:1      | Reached XP level 1. HP: 9/9 MP: 5/5
   336 | D:1      | Reached XP level 2. HP: 14/14 MP: 4/6
   340 | D:1      | Learned a level 2 spell: Searing Ray
   973 | D:2      | Reached XP level 3. HP: 16/17 MP: 5/8
  1542 | D:3      | Learned a level 3 spell: Dazzling Flash
  1597 | D:3      | Reached skill level 1 in Fighting
  2012 | D:3      | Found a glowing golden altar of the Shining One.
  2018 | D:3      | Found a shimmering blue altar of Sif Muna.
  2020 | D:3      | Found an opulent altar of Gozag.
  2031 | D:3      | Became a worshipper of Sif Muna the Loreminder
  2037 | D:3      | Found a shimmering altar of Xom.
  2042 | D:3      | Found a hazy altar of Hepliaklqana.
  2190 | D:3      | Reached XP level 4. HP: 20/22 MP: 6/10
  3379 | D:4      | Found a snail-covered altar of Cheibriados.
  3474 | D:5      | Entered Level 5 of the Dungeon
  3479 | D:5      | Reached XP level 5. HP: 25/25 MP: 6/12
  3481 | D:5      | Noticed a centaur
  3483 | D:5      | Noticed Cheops's ghost (novice HaHu)
  3534 | D:5      | Reached skill level 1 in Long Blades
  3678 | D:5      | Found Xeabaa's Gadget Shop.
  3694 | D:5      | Bought a wand of disintegration (15) for 247 gold pieces
  3748 | D:5      | Noticed a sky beast
  3821 | D:5      | Reached * piety under Sif Muna
  3871 | D:5      | Found a staircase to the Ecumenical Temple.
  3887 | D:5      | Noticed an ice beast
  3900 | D:5      | Killed an ice beast
  3900 | D:5      | Reached XP level 6. HP: 23/30 MP: 1/13
  4075 | D:5      | Found a runed translucent gate.
  4076 | D:5      | Found a runed translucent gate.
  4077 | D:5      | Found a runed translucent gate.
  4116 | D:5      | Reached skill level 1 in Invocations
  4609 | D:5      | Reached skill level 1 in Bows
  4617 | D:5      | Killed a sky beast
  4804 | D:5      | Reached XP level 7. HP: 17/35 MP: 12/15
  5052 | D:5      | Reached skill level 2 in Bows
  5412 | D:6      | Reached skill level 3 in Bows
  5730 | D:6      | Reached skill level 5 in Spellcasting
  6053 | D:6      | Reached XP level 8. HP: 40/40 MP: 8/16
  6273 | D:6      | Reached skill level 4 in Bows
  6698 | D:7      | Noticed a hippogriff
  6715 | D:7      | Killed a hippogriff
  6715 | D:7      | Reached skill level 5 in Bows
  7069 | D:7      | Reached skill level 5 in Dodging
  7069 | D:7      | Reached skill level 1 in Hexes
  7154 | D:7      | Reached skill level 1 in Short Blades
  7249 | D:7      | Reached XP level 9. HP: 45/45 MP: 12/18
  7432 | D:7      | Reached skill level 1 in Throwing
  7662 | D:7      | Reached ** piety under Sif Muna
  7950 | D:7      | Reached skill level 6 in Bows
  8112 | D:7      | Found a shattered altar of Ashenzari.
  8112 | D:7      | Found a stormy altar of Qazlal.
  9116 | D:8      | Found Faptal's Fabulous Fripperies.
  9128 | D:8      | Bought a +0 fustibalus for 180 gold pieces
  9829 | D:9      | Reached skill level 7 in Bows
  9927 | D:9      | Reached skill level 5 in Stealth
 10009 | D:9      | Reached skill level 5 in Hexes
 10009 | D:9      | Reached XP level 10. HP: 22/51 MP: 12/20
 10138 | D:9      | Found a staircase to the Orcish Mines.
 10188 | D:9      | Slain by a wyvern

Illustrated notes

Levels and vault maps discovered:
D:1:      saegor_arrival_miasma, layout_basic
D:2:      layout_rooms
D:3:      layout_rooms, minitemple, minmay_misc_feat_pillars,
          kennysheep_generic_room_12
D:4:      layout_cave_pools, kennysheep_slug_shrine
D:5:      layout_loops_cross, minmay_temple_entry_tees, gammafunk_ghost_split,
          first_ration, serial_shops, nicolae_shop_trees
D:6:      layout_basic, nicolae_ossuary_entry_plus
D:7:      layout_layer_cave, gammafunk_temple_overflow_pools,
          minmay_misc_feat_ornament
D:8:      layout_loops_ring, nicolae_alphabet_shops
D:9:      layout_basic, kennysheep_little_box, david_lair_shrubbed, orc_0_dummy,
          hangedman_pestilent_swarm, nemelex_lonely_heart_becter, uniq_pikel

Skill      XL: |  1  2  3  4  5  6  7  8  9 |
---------------+----------------------------+-----
Conjurations   | 3 4 |  4.7
Spellcasting   | 3 4 5 6 |  6.1
Fighting       | 1 2 3 4 |  4.9
Long Blades    | 1 2 3 |  3.8
Invocations    | 2 3 |  3.6
Bows           | 1 3 5 7 |  7.0
Dodging        | 4 5 6 |  6.3
Stealth        | 4 5 |  5.1
Hexes          | 1 5 |  5.3
Short Blades   | 1 |  1.5
Throwing       | 1 |  1.0
Slings         | |  0.9
Evocations     | |  0.2

Action                   |  1- 3 |  4- 6 |  7- 9 | 10-12 || total
-------------------------+-------+-------+-------+-------++-------
Melee: Club              |    14 |       |       |       ||    14
       Long sword        |    21 |    46 |   118 |    13 ||   198
       Dagger            |     8 |       |    49 |       ||    57
 Fire: Shortbow          |       |    25 |   100 |       ||   125
       Fustibalus        |       |       |    13 |     1 ||    14
Throw: Stone             |     2 |     4 |    15 |       ||    21
 Cast: Magic Dart        |    51 |    69 |   103 |    10 ||   233
       Searing Ray       |     8 |    13 |    40 |     1 ||    62
Evoke: Wand              |       |       |     3 |       ||     3
  Use: Potion            |     4 |     1 |     1 |       ||     6
       Scroll            |     8 |     3 |     7 |       ||    18
 Stab: Sleeping          |     3 |       |     5 |       ||     8
  Eat: Ration            |       |     1 |     3 |       ||     4
Armor: Robe              |    10 |    14 |    27 |     1 ||    52
Dodge: Dodged            |    72 |    85 |   320 |    23 ||   500
       Rpst.: Long sword |     7 |    21 |    54 |     9 ||    91
